 Dungeon Crawl Stone Soup version 0.30-a0-719-gcc4359ea44 (webtiles) character file.

Game seed: 7684642010089418561

32 Dirtsage the Insei (level 3, 0/25 HPs)
             Began as an Octopode Transmuter on Jan 26, 2023.
             Succumbed to an adder's poison
             ... on level 2 of the Dungeon.
             The game lasted 00:01:56 (1547 turns).

Dirtsage the Insei (Octopode Transmuter)            Turns: 1547, Time: 00:01:56

Health: 0/25       AC:  1    Str:  9    XL:     3   Next: 25%
Magic:  6/6        EV: 13    Int: 17    God:
Gold:   61         SH:  0    Dex: 12    Spells: 3/6 levels left

rFire   . . .      SeeInvis .      - Unarmed
rCold   x . .      Faith    .    (no shield)
rNeg    . . .      Spirit   .    (helmet currently unavailable)
rPois   .          Reflect  .    g - amulet of the acrobat
rElec   .          Harm     .    (no ring)
rCorr   .          Rampage  .    (no ring)
Will    .....                    (no ring)
Stlth   ++                       (no ring)
HPRegen 0.24/turn                (no ring)
MPRegen 0.10/turn                (no ring)
                                 (no ring)
                                 (no ring)

@: mighty, brilliant, lethally poisoned (0 -> -1), appendages (expiring)
A: tentacle spike 3, almost no armour, amphibious, 8 rings, camouflage 1,
gelatinous body 1, (nimble swimmer 1), tentacles, robust 1, cold vulnerability 1
a: End Transformation


You were on level 2 of the Dungeon.
One of your tentacles had grown a beastly spike.
You visited 1 branch of the dungeon, and saw 2 of its levels.

You collected 61 gold pieces.

Inventory:

Jewellery
 g - an amulet of the acrobat (around mantle)
Wands
 l - a wand of flame (22)
Scrolls
 c - a scroll of teleportation {unknown}
 d - a scroll of silence {unknown}
 e - a scroll of identify {unknown}
 j - a scroll of enchant weapon {unknown}
 k - a scroll of amnesia {unknown}
Potions
 a - a potion of lignification
 b - a potion of heal wounds {unknown}
 f - a potion of brilliance
 h - a potion of mutation


   Skills:
 - Level 1.0 Fighting
 - Level 2.0 Dodging
 - Level 3.0 Unarmed Combat
 - Level 2.0 Spellcasting
 * Level 2.9 Transmutations
 * Level 1.8 Ice Magic


You had 3 spell levels left.
You knew the following spells:

 Your Spells              Type           Power      Damage    Failure   Level
a - Beastly Appendage     Tmut           34%        N/A       6%          1
b - Wereblood             Tmut           17%        N/A       9%          2

Your spell library contained the following spells:

 Spells                   Type           Power      Damage    Failure   Level
 Spider Form              Tmut/Pois      9%         N/A       32%         3
 Gell's Gravitas          Tloc           2%         N/A       50%         3
 Portal Projectile        Hex/Tloc       4%         N/A       50%         3
 Teleport Other           Tloc           2%         N/A       50%         3
 Tukima's Dance           Hex            2%         N/A       50%         3
 Ice Form                 Ice/Tmut       14%        N/A       58%         4
 Blade Hands              Tmut           8%         N/A       85%         5
 Dispersal                Tloc           1%         N/A       100%        6


Dungeon Overview and Level Annotations

Branches:
Dungeon (2/15)

Altars:


Innate Abilities, Weirdness & Mutations

One of your tentacles has grown a beastly spike.
You cannot wear most types of armour.
You are amphibious.
You can wear up to eight rings at the same time.
Your skin changes colour to match your surroundings (Stealth+).
Your rubbery body absorbs attacks. (AC +1, EV +1)
((You are camouflaged when in or above water. (Stealth+)))
You have tentacles for arms and can constrict up to eight enemies at once.
You are robust. (+10% HP)
You are vulnerable to cold. (rC-)


Message History

You tentacle-slap the adder. Your grab misses the adder.
Your tentacle spike misses the adder.
The adder is severely wounded.
The adder barely misses you. x2
You barely miss the adder. Your grab misses the adder.
The adder is severely wounded.
Your transformation is almost over.
The adder bites you.
You are poisoned.
The adder poisons you!
You closely miss the adder. Your grab misses the adder.
Your tentacle spike misses the adder.
The adder is severely wounded.
You feel sick. The adder bites you.
You take 4 damage, and have 11/23 hp.
You miss the adder. Your grab misses the adder. Your squeeze misses the adder.
The adder is severely wounded.
You feel sick. The adder bites you.
* * * LOW HITPOINT WARNING * * *
You take 5 damage, and have 6/23 hp.
MASSIVE DAMAGE!!
You closely miss the adder. Your grab misses the adder.
Your tentacle spike misses the adder.
The adder is severely wounded.
You feel sick. The adder bites you.
* * * LOW HITPOINT WARNING * * *
The adder closely misses you.
You take 4 damage, and have 2/23 hp.
It was a potion of mutation.
You feel extremely strange.
You feel vulnerable to cold.
You feel robust.
* * * LOW HITPOINT WARNING * * *
You feel sick. The adder closely misses you.
You take 1 damage, and have 1/25 hp.
MP restored: 6 It was a potion of brilliance.
You feel clever all of a sudden.
* * * LOW HITPOINT WARNING * * *
You feel sick. The adder misses you.
It was a potion of might.
You feel very mighty all of a sudden.
You die...

#....#.............#
#....#......######.#
######......#....#.#
#...####.###....#
#...# #.# ##.###
#...# #.# #.#
#...####.# #.#
#........# #.#
#...###### #@#
##.......# #S#
#..####.# #..
#....<# ###.
##.....# ..
##....###.#.# ##
###...#........
.#.....####.###
.#............


You could see an adder.

Vanquished Creatures
  5 endoplasms
  A giant cockroach (D:1)
  6 hobgoblins
  4 jackals (D:1)
  2 kobolds
  2 ball pythons (D:2)
  4 bats (D:2)
  A frilled lizard (D:1)
  2 rats (D:1)
27 creatures vanquished.

Notes
Turn   | Place    | Note
-------+----------+-------------------------------------------
     0 | D:1      | Dirtsage the Octopode Transmuter began the quest for the
                  | Orb.
     0 | D:1      | Reached XP level 1. HP: 13/13 MP: 3/3
   116 | D:1      | Reached skill level 1 in Ice Magic
   116 | D:1      | Reached XP level 2. HP: 7/18 MP: 5/5
   186 | D:1      | Learned a level 2 spell: Wereblood
   684 | D:1      | You fall into a shaft and drop 1 floor!
  1153 | D:2      | Reached XP level 3. HP: 23/23 MP: 4/6
  1545 | D:2      | Gained mutation: You are vulnerable to cold. (rC-) [potion
                  | of mutation]
  1545 | D:2      | Gained mutation: You are robust. (+10% HP) [potion of
                  | mutation]
  1545 | D:2      | HP: 1/25 [poisoned by an adder]
  1547 | D:2      | Succumbed to an adder's poison

Illustrated notes

Levels and vault maps discovered:
D:1:      dpeg_arrival_signposts, layout_loops_ring
D:2:      layout_basic

Skill      XL: |  1 |
---------------+----+-----
Ice Magic      | 1 |  1.8
Fighting       | |  1.0
Dodging        | |  2.0
Unarmed Combat | |  3.0
Spellcasting   | |  2.0
Transmutations | |  2.9

Action                     || total
---------------------------++-------
  Melee: Unarmed           ||    74
         Kick              ||    18
         Tentacles         ||    11
         Constrict         ||    14
         Punch             ||     1
   Cast: Beastly Appendage ||    13
         Wereblood         ||     1
    Use: Potion            ||     3
   Stab: Sleeping          ||     3
 Armour: Skin              ||     8
  Dodge: Dodged            ||    47

Table legend: (Time is in decaauts)
 A = Elapsed time spent in this place.
 B = Non-inter-level travel time spent in this place.
 C = Inter-level travel time spent in this place.
 D = Time resting spent in this place.
 E = Time spent auto-exploring this place.
 F = Levels seen in this place.
 G = Mean time per level.
                   A        B        C        D        E       F      G
               +--------+--------+--------+--------+--------+-----+--------+
         Total |   1543 |   1468 |     75 |      0 |   1257 |   2 |  771.5 |
       Dungeon |   1543 |   1468 |     75 |      0 |   1257 |   2 |  771.5 |
               +--------+--------+--------+--------+--------+-----+--------+

Top non-repeatable levels by time:
     D:1: 1085 daAuts
     D:2: 458 daAuts
